 Dungeon Crawl Stone Soup version 0.18.1-50-g88ac8fd (webtiles) character file.

159 manyhoops the Cudgeler (level 5, -1/55 HPs)
             Began as an Ogre Gladiator on Oct 27, 2016.
             Slain by an orc priest
             ... wielding a +0 hand axe
              (2 damage)
             ... on level 2 of the Dungeon.
             The game lasted 00:03:53 (3062 turns).

manyhoops the Cudgeler (Ogre Gladiator)             Turns: 3062, Time: 00:03:54

Health: -1/55      AC:  3    Str: 21    XL:     5   Next: 40%
Magic:  5/5        EV: 10    Int:  7    God:
Gold:   58         SH:  0    Dex: 10    Spells: 0 memorised, 4 levels left

rFire  . . .     SeeInvis .     r - +2 mace (crush)
rCold  . . .     Gourm    .     b - +0 robe
rNeg   . . .     Faith    .     (no shield)
rPois  +         Spirit   .     c - +0 hat
rElec  .         Dismiss  .     (no cloak)
rCorr  .         Reflect  .     (gloves unavailable)
SustAt .         Harm     .     (boots unavailable)
MR     .....                    (no amulet)
Stlth  +.........               (no ring)
                                q - ring of poison resistance

@: not resistant to hostile enchantments, very unstealthy
A: unfitting armour, tough skin 1
a: no special abilities


You were on level 2 of the Dungeon.
You were not hungry.

You visited 1 branch of the dungeon, and saw 3 of its levels.

You collected 58 gold pieces.

Inventory:

Hand Weapons
 e - a +0 hunting sling
 r - a +2 mace of crushing (weapon)
Missiles
 d - 3 throwing nets (quivered)
 h - 72 stones
Armour
 b - a +0 robe (worn)
 c - a +0 hat (worn)
Jewellery
 q - a ring of poison resistance (left hand)
Scrolls
 g - a scroll of identify
 m - a scroll of random uselessness {unknown}
 n - a scroll of fear {unknown}
 o - 2 scrolls of remove curse {unknown}
Potions
 a - a potion of berserk rage
 j - a potion of haste
Comestibles
 f - 2 bread rations
 i - a slice of pizza
 k - a royal jelly
 p - a meat ration


   Skills:
 + Level 4.6 Fighting
 + Level 6.3 Maces & Flails
 + Level 2.6 Throwing
 - Level 2.6 Dodging


You had 4 spell levels left.
You didn't know any spells.

Dungeon Overview and Level Annotations

Branches:
Dungeon (3/15)

Altars:
Kikubaaqudgha
Ru
Trog


Innate Abilities, Weirdness & Mutations

You are too large for most types of armour.
You have tough skin (AC +1).


Message History

The orc priest hits you with a hand axe.
* * * LOW HITPOINT WARNING * * *
A stone appears from out of thin air!
The stone hits you but does no damage.
You are too injured to fight recklessly!
You are too injured to fight recklessly!
You are too injured to fight recklessly!
Unknown command.
The orc priest closely misses you.
You climb upwards.
There is a stone staircase leading down, spattered with blood here.
You closely miss the orc priest.
The orc priest is almost dead.
The orc priest calls down the wrath of Beogh upon you.
Beogh smites you!
* * * LOW HITPOINT WARNING * * *
You don't know any spells.
You barely miss the orc priest.
The orc priest is almost dead.
The orc priest hits you with a hand axe.
You die...

###'###.# #.# #...#
######## # #.# #.#
##†#####...# #.
###.###.###...##.^...#
#.
.....(........##.##..#
#.
.........##...##.##..#
#.
################.##..#
#. #.##..###########.
#÷##..............
#@###.############ #o#
#.# #.....).. #.#
#.####.####### #.#
#......(#
#.########..######
#.................
##################


You could see an orc priest.

Vanquished Creatures
  An orc wizard (D:3)
  Ijyb (D:3)
  2 adders (D:2)
  A shadow imp (D:3)
  2 worms
  3 dart slugs
  2 giant geckos
  An orc (D:3)
  4 bats
  7 goblins
  14 hobgoblins
  10 kobolds
  2 ball pythons
  16 rats
66 creatures vanquished.

Notes
Turn   | Place    | Note
--------------------------------------------------------------
     0 | D:1      | manyhoops the Ogre Gladiator began the quest for the Orb.
     0 | D:1      | Reached XP level 1. HP: 22/22 MP: 1/1
   300 | D:1      | Reached XP level 2. HP: 17/29 MP: 2/2
   951 | D:1      | Reached XP level 3. HP: 35/37 MP: 3/3
  1191 | D:1      | Reached skill level 5 in Maces & Flails
  2019 | D:2      | Found a sacrificial altar of Ru.
  2105 | D:2      | Reached XP level 4. HP: 42/45 MP: 4/4
  2154 | D:2      | Noticed a moth of wrath
  2189 | D:2      | Found a bloodstained altar of Trog.
  2607 | D:3      | Found an ancient bone altar of Kikubaaqudgha.
  2659 | D:3      | Noticed Ijyb
  2670 | D:3      | Killed Ijyb
  2670 | D:3      | Reached skill level 6 in Maces & Flails
  2673 | D:3      | Reached XP level 5. HP: 46/54 MP: 5/5
  3061 | D:2      | HP: 1/55 [orc priest/divine providence (16)]
  3062 | D:2      | Slain by an orc priest

Skill      XL: |  1  2  3  4 |
---------------+-------------+-----
Fighting       | 3 4 |  4.6
Maces & Flails | 5 6 |  6.3
Throwing       | |  2.6
Dodging        | |  2.6

Action                   |  1- 3 |  4- 6 || total
-------------------------+-------+-------++-------
Melee: Flail             |    54 |       ||    54
       Mace              |       |    93 ||    93
 Fire: Hunting sling     |   100 |     8 ||   108
  Use: Scroll            |       |     3 ||     3
  Eat: Chunk             |     3 |     4 ||     7
Armor: Robe              |    22 |    20 ||    42
Dodge: Dodged            |    54 |    54 ||   108
